 Dungeon Crawl Stone Soup version 0.31.0-32-g396128a36d (webtiles) character file.

Game seed: 8912594455431615214

3691 PaiMei the Artisan of Death (level 9, -15/72 HPs)
             Began as a Demonspawn Necromancer on Apr 25, 2024.
             Was a Priest of Kikubaaqudgha.
             Killed from afar by Erica (29 damage)
             ... with a bolt of poison
             ... on level 9 of the Dungeon.
             The game lasted 00:12:39 (10262 turns).

PaiMei the Artisan of Death (DsNe)                 Turns: 10262, Time: 00:12:39

Health: -15/72     AC:  8    Str: 14    XL:     9   Next: 90%
Magic:  11/19      EV: 14    Int: 20    God:    Kikubaaqudgha [***...]
Gold:   412        SH:  4    Dex: 14    Spells: 17/21 levels left

rFire   + . .        C - +2 dagger (elec)
rCold   . . .        o - +0 buckler
rNeg    . . .        E - +0 robe {rF+}
rPois   .            (no helmet)
rElec   .            (no cloak)
rCorr   .            (no gloves)
SInv    .            (no boots)
Will    .....        y - amulet of magic regeneration
Stlth   ++           k - +4 ring of protection
HPRegen 0.32/turn    x - +6 ring of strength
MPRegen 0.56/turn

%: no passive effects
@: lethally poisoned (-15 -> -35), slowed, very slow
A: icy blue scales 1, powered by death 2, spiny 1
a: Renounce Religion, Unearth Wretches


You were on level 9 of the Dungeon.
You worshipped Kikubaaqudgha.
Kikubaaqudgha was most pleased with you.
You visited 2 branches of the dungeon, and saw 10 of its levels.

You collected 412 gold pieces.

Inventory:

Hand Weapons
 C - a +2 dagger of electrocution (weapon)
 D - a +4 orcbow
 F - a +1 whip of freezing
Missiles
 I - 8 poisoned darts (quivered)
Armour
 o - a +0 buckler (worn)
 E - a +0 robe of fire resistance (worn)
Jewellery
 f - an amulet of guardian spirit
 k - a +4 ring of protection (left hand)
 x - a +6 ring of strength (right hand)
 y - an amulet of magic regeneration (around neck)
 z - an amulet of faith
 H - a ring of flight
Wands
 v - a wand of digging (4)
 G - a wand of paralysis (8)
Scrolls
 a - a scroll of silence {unknown}
 e - 2 scrolls of fear
 i - a scroll of enchant armour {unknown}
 j - 3 scrolls of teleportation
 l - 4 scrolls of acquirement
 n - a scroll of blinking {unknown}
 w - 2 scrolls of poison {unknown}
 B - a scroll of noise {unknown}
Potions
 b - a potion of magic
 c - 3 potions of curing
 d - 3 potions of lignification {unknown}
 g - 5 potions of attraction
 m - 3 potions of enlightenment
 p - a potion of berserk rage {unknown}
 q - 2 potions of heal wounds {unknown}
 s - 3 potions of might
 t - 3 potions of degeneration {unknown}
 A - a potion of brilliance {unknown}


   Skills:
 + Level 7.0 Fighting
 + Level 6.7 Dodging
 - Level 2.0 Stealth
 + Level 6.8 Spellcasting
 + Level 9.0 Necromancy


You had 17 spell levels left.
You knew the following spells:

 Your Spells              Type           Power      Damage    Failure   Level
a - Necrotise             Necr           100%       1d9       1%          1
b - Vampiric Draining     Necr           43%        2d9       1%          3

Your spell library contained the following spells:

 Spells                   Type           Power      Damage    Failure   Level
 Kiss of Death            Conj/Necr      96%        2d12      1%          1
 Fugue of the Fallen      Necr           43%        N/A       1%          3
 Animate Dead             Necr           43%        N/A       3%          4
 Dispel Undead            Necr           43%        3d17      3%          4
 Curse of Agony           Necr           43%        N/A       9%          5
 Magic Dart               Conj           24%        1d4       13%         1
 Mercury Vapours          Alch/Air       12%        N/A       21%         2
 Searing Ray              Conj           12%        2d4       21%         2
 Static Discharge         Conj/Air       12%        3-4/arc   21%         2
 Anguish                  Hex/Necr       12%        N/A       21%         4
 Mephitic Cloud           Conj/Alch/Air  6%         N/A       36%         3
 Ozocubu's Armour         Ice            6%         N/A       36%         3
 Tukima's Dance           Hex            6%         N/A       36%         3
 Death Channel            Necr           21%        N/A       43%         6
 Borgnjor's Vile Clutch   Necr/Erth      12%        N/A       50%         5
 Airstrike                Air            3%         2d(1-17)  78%         4
 Fulminant Prism          Conj/Alch      3%         3d5       78%         4
 Passage of Golubria      Tloc           6%         N/A       78%         4
 Summon Lightning Spire   Summ/Air       6%         N/A       78%         4
 Freezing Cloud           Conj/Ice/Air   3%         6-21      98%         5
 Metabolic Englaciation   Hex/Ice        3%         N/A       98%         5
 Summon Forest            Summ/Tloc      3%         N/A       98%         5
 Yara's Violent Unravell  Hex/Alch       3%         3d4       98%         5
 Conjure Ball Lightning   Conj/Air       3%         3x3d6     100%        6
 Eringya's Noxious Bog    Alch           3%         4d6       100%        6
 Sculpt Simulacrum        Ice/Alch       3%         N/A       100%        6
 Summon Hydra             Summ           3%         N/A       100%        7
 Discord                  Hex            3%         N/A       100%        8
 Disjunction              Tloc           3%         N/A       100%        8


Dungeon Overview and Level Annotations

Branches:
Dungeon (9/15)             Temple (1/1) D:4
   Lair: D:8-11         Orc: D:9-12

Altars:
Ashenzari
Cheibriados
Dithmenos
Gozag
Hepliaklqana
Kikubaaqudgha
Makhleb
Nemelex Xobeh
Okawaru
Qazlal
Ru
Sif Muna
Trog
Uskayaw
Vehumet
Wu Jian
Xom

Annotations:
D:3 1 runed translucent door, SubTonic's ghost, amateur GrFi
D:9 Erica


Innate Abilities, Weirdness & Mutations

You are partially covered in icy blue scales. (AC +2)
You regenerate health from kills.
You are partially covered in sharp spines.


Message History

You draw life force from Erica!
You feel life coursing into your body.
You feel very sick.
Erica casts a spell.
Erica flickers and vanishes!
Something hits you. Something burns you.
Casting: Vampiric Draining (safe; 1% risk of failure)
Confirm with . or Enter, or press ? or * to list all spells.
You can't see any susceptible monsters within range! (Use Z to cast anyway.)
Casting: Vampiric Draining (safe; 1% risk of failure)
Confirm with . or Enter, or press ? or * to list all spells.
You can't see any susceptible monsters within range! (Use Z to cast anyway.)
Casting: Vampiric Draining (safe; 1% risk of failure)
Confirm with . or Enter, or press ? or * to list all spells.
You can't see any susceptible monsters within range! (Use Z to cast anyway.)
Casting: Vampiric Draining (safe; 1% risk of failure)
Confirm with . or Enter, or press ? or * to list all spells.
Aiming: Vampiric Draining (safe; 1% risk of failure)
Press: ? - help, Shift-Dir - straight line You draw life force from something!
You feel life coursing into your body.
You feel very sick. Something hits you!
Casting: Vampiric Draining (safe; 1% risk of failure)
Confirm with . or Enter, or press ? or * to list all spells.
Aiming: Vampiric Draining (safe; 1% risk of failure)
Press: ? - help, Shift-Dir - straight line You draw life force from something!
You feel life coursing into your body.
You feel sick. Something hits you!
* * * LOW HITPOINT WARNING * * *
Something burns you.
* * * LOW HITPOINT WARNING * * *
Something hits you!
* * * LOW HITPOINT WARNING * * *
Something burns you.
* * * LOW HITPOINT WARNING * * *
You feel better.
You hear some strange, mumbled words.
A bolt of poison appears from out of thin air!
The bolt of poison hits you!!
You are lethally poisoned!
You die...
Kikubaaqudgha rasps: "You have failed me!
Welcome... death!"

#...........
##..........#
............#
#...........#
............#
............#
#..........#
#######{#####
#.@...#
#####.#####
#.....#
#######


There were no monsters in sight!

Vanquished Creatures
  Pikel (D:7)
  A manticore (D:8)
  A kobold demonologist (D:7)
  Sigmund (D:2)
  5 yaks (D:8)
  An ice beast (D:6)
  A black bear (D:8)
  A centaur (D:7)
  An ogre (D:5)
  A phantom (D:6)
  A kobold brigand (D:7)
  2 bullfrogs
  3 scorpions
  3 killer bees (D:8)
  2 howler monkeys (D:8)
  A bombardier beetle (D:4)
  A hound (D:6)
  3 jellies (D:5)
  A sleepcap (D:6)
  Jessica (D:3)
  5 iguanas
  3 orc wizards
  5 adders
  4 gnolls
  3 shadow imps
  3 white imps
  4 ufetubi
  A ribbon worm (D:3)
  4 dart slugs
  15 orcs
  7 ball pythons
  An endoplasm (D:2)
  4 giant cockroaches
  7 goblins
  9 hobgoblins
  4 jackals
  A quokka (D:2)
  5 bats
  6 frilled lizards
  19 kobolds
  3 rats
145 creatures vanquished.

Vanquished Creatures (collateral kills)
  A scorpion (D:5)
  A dart slug (D:4)
  3 endoplasms
5 creatures vanquished.

Grand Total: 150 creatures vanquished

Notes
Turn   | Place    | Note
-------+----------+-------------------------------------------
     0 | D:1      | PaiMei the Demonspawn Necromancer began the quest for the
                  | Orb.
     0 | D:1      | Reached XP level 1. HP: 13/13 MP: 3/3
   409 | D:1      | Gained mutation: You are partially covered in icy blue
                  | scales. (AC +2) [demonic ancestry]
   409 | D:1      | Reached XP level 2. HP: 13/19 MP: 0/5
  1531 | D:2      | Gained mutation: You regenerate a little health from kills.
                  | [demonic ancestry]
  1531 | D:2      | Reached XP level 3. HP: 25/25 MP: 0/6
  1535 | D:2      | Learned a level 3 spell: Vampiric Draining
  1599 | D:2      | Noticed Sigmund
  1706 | D:2      | Killed Sigmund
  1707 | D:2      | Reached skill level 5 in Necromancy
  1707 | D:2      | Gained mutation: You are partially covered in sharp spines.
                  | [demonic ancestry]
  1707 | D:2      | Reached XP level 4. HP: 24/33 MP: 0/8
  1707 | D:2      | Reached XP level 5. HP: 27/38 MP: 0/9
  3150 | D:3      | Found a stormy altar of Qazlal.
  3236 | D:3      | Found a runed translucent door.
  3236 | D:3      | Noticed SubTonic's ghost (amateur GrFi)
  3320 | D:3      | You fall into a shaft and drop 1 floor!
  3352 | D:4      | Found a staircase to the Ecumenical Temple.
  3358 | Temple   | Entered the Ecumenical Temple
  3381 | Temple   | Became a worshipper of Kikubaaqudgha
  3497 | D:4      | Gained mutation: You regenerate health from kills. [demonic
                  | ancestry]
  3497 | D:4      | Reached XP level 6. HP: 43/46 MP: 2/11
  3512 | D:4      | Found a snail-covered altar of Cheibriados.
  3635 | D:4      | Found an opulent altar of Gozag.
  4641 | D:3      | Noticed Jessica
  4646 | D:3      | Killed Jessica
  4680 | D:3      | Found a shimmering blue altar of Sif Muna.
  5481 | D:5      | Entered Level 5 of the Dungeon
  5554 | D:5      | Reached * piety under Kikubaaqudgha
  5554 | D:5      | Received a gift from Kikubaaqudgha
  5568 | D:5      | Reached skill level 6 in Necromancy
  5568 | D:5      | Reached XP level 7. HP: 52/52 MP: 8/12
  6785 | D:6      | Reached XP level 8. HP: 61/61 MP: 7/14
  7291 | D:6      | Reached skill level 7 in Necromancy
  7445 | D:7      | Reached ** piety under Kikubaaqudgha
  7455 | D:7      | Noticed a kobold demonologist
  7457 | D:7      | Noticed a sixfirhy
  7459 | D:7      | Noticed a sun demon
  7463 | D:7      | Noticed a smoke demon
  7464 | D:7      | Killed a kobold demonologist
  7465 | D:7      | Reached skill level 5 in Fighting
  7465 | D:7      | Reached skill level 5 in Dodging
  7465 | D:7      | Reached skill level 5 in Spellcasting
  7663 | D:7      | Noticed Pikel
  7683 | D:7      | Killed Pikel
  7684 | D:7      | Reached XP level 9. HP: 69/69 MP: 2/17
  7960 | D:7      | Reached skill level 8 in Necromancy
  8343 | D:8      | Noticed a manticore
  8359 | D:8      | Killed a manticore
  8877 | D:8      | Found a sacrificial altar of Ru.
  8994 | D:8      | Found a radiant altar of Vehumet.
  9335 | D:8      | Identified 4 scrolls of acquirement
  9427 | D:8      | Reached *** piety under Kikubaaqudgha
  9427 | D:8      | Received a gift from Kikubaaqudgha
  9428 | D:8      | Reached skill level 9 in Necromancy
 10247 | D:9      | Noticed Erica
 10262 | D:9      | Killed from afar by Erica

Illustrated notes

Levels and vault maps discovered:
D:1:      saegor_arrival_miasma, layout_basic, serial_rivers,
          chequers_serial_rivers_room_b, chequers_serial_rivers_small_a,
          chequers_serial_rivers_marsh, chequers_serial_rivers_large_b,
          chequers_serial_rivers_large_a, chequers_serial_rivers_marsh,
          minmay_misc_feat_iff, amcnicky_mini_corridor_feature,
          chequers_serial_rivers_micro_c, lexackson_kobold_supper
D:2:      layout_basic, uniq_sigmund
D:3:      layout_basic, tgw_sif, nicolae_overflow_crystal_walls,
          mainiacjoe_overflow_cross_hatched, hellmonk_ghost_happy_afterlife
D:4:      wander_river, layout_basic, pf_just_have_faith,
          kennysheep_slug_shrine, minmay_temple_entry_wispy
D:5:      layout_gridville
D:6:      layout_loops_ring, mainiacjoe_overflow_surrounded_room,
          mrwooster_statue_mirror, minmay_misc_feat_secret_circle,
          kennysheep_boxes
D:7:      layout_loops_ring, tgw_fedhas, uniq_pikel, uniq_maggie
D:8:      layout_loops_ring, nicolae_ru_great_annihilating_truth,
          kennysheep_mini, minivault_22
D:9:      layout_rooms, lemuel_crystal_altar, uniq_erica
Temple:   bh_familiar_temple

Skill      XL: |  1  2  3  4  5  6  7  8  9 |
---------------+----------------------------+-----
Dodging        | 2 3 4 5 6 |  6.7
Stealth        | 2 |  2.0
Fighting       | 2 3 4 5 7 |  7.0
Spellcasting   | 3 4 5 6 |  6.8
Necromancy     | 5 6 7 9 |  9.0

Action                     |  1- 3 |  4- 6 |  7- 9 || total
---------------------------+-------+-------+-------++-------
  Melee: Dagger            |    21 |       |    61 ||    82
         Whip              |       |     2 |    22 ||    24
   Cast: Necrotise         |    54 |   108 |    84 ||   246
         Vampiric Draining |       |     6 |    60 ||    66
    Use: Scroll            |       |       |     9 ||     9
         Potion            |       |       |     3 ||     3
 Armour: Robe              |    42 |    28 |   146 ||   216
  Dodge: Dodged            |    34 |    16 |    91 ||   141
  Block: Buckler           |       |     6 |    28 ||    34
